[Event "Titled Tuesday Blitz April 11 Late 2023"]
[White "Martic, Ivan"]
[Black "Sliwicki, Damian"]
[WhiteFideId "929301"]
[BlackFideId "1127128"]
[WhiteElo "2360"]
[BlackElo "2030"]
[Result "1-0"]
[Round "09"]
[TimeControl "180+2"]
[Date "2023.04.11"]
[WhiteClock "0:01:03"]
[BlackClock "0:00:01"]

1. e4 e5 2. Nf3 Nc6 3. Nc3 Nf6 4. Bb5 Bb4 5. O-O Bxc3 6. bxc3 O-O 7. d3 d6 8. Bg5 h6 9. Bc1 Ne7 10. Re1 Ng6 11. d4 c6 12. Bd3 Re8 13. h3 Nf4 14. Bxf4 exf4 15. Qd2 Nh5 16. e5 dxe5 17. Nxe5 Be6 18. a4 Bd5 19. c4 Be6 20. Rab1 Rb8 21. a5 Kh8 22. Bf5 Qf6 23. Bg4 g6 24. d5 1-0


[Site "https://www.chess.com"]

[Event "Titled Tuesday Blitz April 11 Late 2023"]
[White "Gallegos Diaz, Carlos Alberto"]
[Black "Przybylski, Wojciech"]
[WhiteFideId "3900886"]
[BlackFideId "1117599"]
[WhiteElo "2362"]
[BlackElo "2222"]
[Result "1/2-1/2"]
[Round "09"]
[TimeControl "180+2"]
[Date "2023.04.11"]
[WhiteClock "0:00:05"]
[BlackClock "0:00:06"]

1. e4 c5 2. Nf3 d6 3. d3 Nf6 4. Nbd2 e6 5. Be2 Be7 6. O-O O-O 7. c3 a6 8. Re1 Nbd7 9. d4 cxd4 10. cxd4 b5 11. e5 Nd5 12. Ne4 dxe5 13. Nxe5 Bb7 14. Bf3 Nxe5 15. dxe5 Nb4 16. Nf6+ gxf6 17. Bxb7 Qxd1 18. Rxd1 Rad8 19. Bh6 Rxd1+ 20. Rxd1 Rd8 21. Rxd8+ Bxd8 22. a3 Nd3 23. b4 a5 24. bxa5 Bxa5 25. exf6 b4 26. axb4 Bxb4 27. Be4 Ne5 28. h3 Nd7 29. Bg5 Bc3 30. g4 Bxf6 31. Bxf6 Nxf6 32. Bc6 e5 33. Kg2 h6 34. Kg3 Kg7 35. h4 Nh7 36. f4 Kf6 37. g5+ hxg5 38. hxg5+ Ke6 39. Be4 Nf8 40. f5+ Ke7 41. Bd5 Nd7 42. Kg4 Nb6 43. f6+ Kf8 44. Bb3 Nd7 45. Kf5 e4 46. Kxe4 Nc5+ 47. Kf5 Nxb3 48. g6 Nd4+ 49. Ke4 fxg6 50. Kxd4 Kf7 51. Ke5 g5 52. Kf5 g4 53. Kxg4 Kxf6 1/2-1/2


[Site "https://www.chess.com"]

[Event "Titled Tuesday Blitz April 11 Late 2023"]
[White "Tomaszewski, Kacper"]
[Black "Seletsky, Grigory"]
[WhiteFideId "1127373"]
[BlackFideId "14112191"]
[WhiteElo "2211"]
[BlackElo "2490"]
[Result "1-0"]
[Round "09"]
[TimeControl "180+2"]
[Date "2023.04.11"]
[WhiteClock "0:00:26"]
[BlackClock "0:00:07"]

1. c4 c6 2. d4 d5 3. Nc3 Nf6 4. cxd5 cxd5 5. Bg5 Nc6 6. Bxf6 gxf6 7. e3 e6 8. Nge2 f5 9. g3 Bd6 10. Bg2 O-O 11. O-O a6 12. Rc1 Bd7 13. Na4 Rc8 14. Nc5 Rc7 15. Nf4 Bc8 16. Qh5 Qf6 17. Rc3 Rd8 18. Rfc1 Bxc5 19. Rxc5 Bd7 20. Bxd5 exd5 21. Nxd5 Qd6 22. Qg5+ Kh8 23. e4 fxe4 24. Nxc7 Rg8 25. Rxc6 Bxc6 26. Qe5+ Qxe5 27. dxe5 Rc8 28. Nd5 Rd8 29. Ne3 Rd2 30. Rc2 Rd3 31. Kf1 Kg8 32. Nf5 Kf8 33. Ke2 Ke8 34. Rd2 Bb5 35. Rxd3 Bxd3+ 36. Ke3 Kd7 37. Nd4 Bb1 38. a3 Kc7 39. b4 Kb6 40. h4 a5 41. g4 axb4 42. axb4 Ka6 43. g5 Kb6 44. h5 Kc7 45. e6 fxe6 46. g6 hxg6 47. h6 e5 48. Nb5+ Kb6 49. h7 Kxb5 50. h8=Q Kxb4 51. Qxe5 b5 52. Qb2+ 1-0


[Site "https://www.chess.com"]

[Event "Titled Tuesday Blitz April 11 Late 2023"]
[White "Hadzovic, Amir"]
[Black "Skaric, Djuro"]
[WhiteFideId "14402300"]
[BlackFideId "934569"]
[WhiteElo "2294"]
[BlackElo "2282"]
[Result "1-0"]
[Round "09"]
[TimeControl "180+2"]
[Date "2023.04.11"]
[WhiteClock "0:00:39"]
[BlackClock "0:01:21"]

1. e4 d6 2. Nc3 g6 3. Bc4 Bg7 4. d3 Nc6 5. f4 a6 6. Nf3 e6 7. Bb3 Nf6 8. O-O O-O 9. Qe1 b5 10. Qh4 Na5 11. f5 exf5 12. Bg5 Nxb3 13. axb3 h6 14. Bxh6 Bxh6 15. Qxh6 Ng4 16. Qf4 fxe4 17. dxe4 Bb7 18. h3 Ne5 19. Nxe5 dxe5 20. Qxe5 Re8 21. Qf4 Qd4+ 22. Kh1 Re7 23. Rad1 Qg7 24. Rf3 Rae8 25. Rdf1 b4 26. Nd5 Bxd5 27. exd5 Qxb2 28. R3f2 Qc3 29. d6 cxd6 30. Qxd6 a5 31. Qd5 Qc7 32. Rf6 Rd8 33. Rxg6+ Kf8 34. Qh5 Ke8 35. Qb5+ Kf8 36. Qg5 Ke8 37. Rg8+ Kd7 38. Rd1+ Kc6 39. Rgxd8 Kb6 40. R8d6+ Kb7 41. Qb5+ Ka7 42. Ra6# 1-0


[Site "https://www.chess.com"]

[Event "Titled Tuesday Blitz April 11 Late 2023"]
[White "Prydun, Andriy"]
[Black "Almeida Junior, Alvaro Alves de"]
[WhiteFideId "14145898"]
[BlackFideId "2149974"]
[WhiteElo "2164"]
[BlackElo "2122"]
[Result "0-1"]
[Round "09"]
[TimeControl "180+2"]
[Date "2023.04.11"]
[WhiteClock "0:00:20"]
[BlackClock "0:00:45"]

1. e4 c5 2. Nf3 d6 3. c3 Nf6 4. h3 Nc6 5. Bd3 e5 6. Bc2 Be6 7. O-O Be7 8. d3 O-O 9. Nbd2 b5 10. a3 a5 11. d4 cxd4 12. cxd4 exd4 13. Re1 Qb6 14. Nb3 Bxb3 15. Bxb3 b4 16. Bd5 Nxd5 17. exd5 Ne5 18. Nxd4 Bf6 19. axb4 axb4 20. Rxa8 Rxa8 21. Nf3 h6 22. Be3 Qb5 23. Nxe5 Bxe5 24. Qe2 Qxe2 0-1


[Site "https://www.chess.com"]

[Event "Titled Tuesday Blitz April 11 Late 2023"]
[White "Poliakova, Varvara"]
[Black "Albuquerque Junior,Wellington S."]
[WhiteFideId "13518313"]
[BlackFideId "2151480"]
[WhiteElo "2075"]
[BlackElo "2109"]
[Result "1-0"]
[Round "09"]
[TimeControl "180+2"]
[Date "2023.04.11"]
[WhiteClock "0:00:38"]
[BlackClock "0:00:44"]

1. e4 c5 2. Nf3 d6 3. d4 cxd4 4. Nxd4 Nf6 5. Nc3 Nc6 6. h3 e5 7. Nde2 Be7 8. g4 Be6 9. Ng3 d5 10. exd5 Nxd5 11. Nce4 Nf4 12. Bxf4 exf4 13. Qxd8+ Rxd8 14. Nh5 Nb4 15. Nxg7+ Kf8 16. Nxe6+ fxe6 17. Bd3 Nxd3+ 18. cxd3 Rxd3 19. Ke2 Rd4 20. f3 Kf7 21. Rac1 Rhd8 22. Rc7 R8d7 23. Rhc1 Bd8 24. Rxd7+ Rxd7 25. Rc8 Bb6 26. h4 h6 27. g5 hxg5 28. hxg5 Rd5 29. Rb8 Rd7 30. Rxb7 Rxb7 31. Nd6+ Kg6 32. Nxb7 Kxg5 33. Kd3 Kf5 34. Nd6+ Ke5 35. Nc4+ Kd5 36. Nxb6+ axb6 37. a4 Kc5 38. Ke4 Kb4 39. Kxf4 Kxa4 40. Ke5 Kb3 41. Kxe6 Kxb2 42. f4 b5 43. f5 b4 44. f6 b3 45. f7 Ka1 46. f8=Q b2 47. Qa3+ Kb1 48. Kd5 Kc2 49. Qc5+ Kb3 50. Qb5+ Kc2 51. Qc4+ Kd2 52. Qb3 Kc1 53. Qc3+ Kb1 54. Kc4 Ka1 55. Qa5+ Kb1 56. Kb3 Kc1 57. Qc3+ Kb1 58. Qxb2# 1-0


[Site "https://www.chess.com"]

[Event "Titled Tuesday Blitz April 11 Late 2023"]
[White "Perez Rodriguez, Jennifer"]
[Black "Thorfinnsson, Bjorn"]
[WhiteFideId "3507831"]
[BlackFideId "2300982"]
[WhiteElo "2116"]
[BlackElo "2395"]
[Result "0-1"]
[Round "09"]
[TimeControl "180+2"]
[Date "2023.04.11"]
[WhiteClock "0:00:46"]
[BlackClock "0:01:10"]

1. e4 e5 2. Nf3 Nc6 3. d4 exd4 4. Nxd4 Nf6 5. Nxc6 bxc6 6. Qe2 Bc5 7. e5 Nd5 8. Qg4 O-O 9. Bh6 g6 10. Bxf8 Bxf8 11. Bd3 Qe7 12. Qe2 Bg7 13. O-O Bxe5 14. c3 Rb8 15. Na3 Nf4 16. Qf3 Rxb2 17. Nc4 Nxd3 18. Qxd3 Ba6 19. Rfe1 Qf6 20. Re2 Rxe2 21. Qxe2 Bxc3 22. Rc1 d5 23. Qe8+ Kg7 24. Ne3 Bd2 25. Rxc6 Qa1+ 0-1


[Site "https://www.chess.com"]

[Event "Titled Tuesday Blitz April 11 Late 2023"]
[White "Garcia Cuenca, Victor"]
[Black "Karamsetty, Jeevan"]
[WhiteFideId "2250829"]
[BlackFideId "2025337"]
[WhiteElo "2329"]
[BlackElo "2111"]
[Result "1-0"]
[Round "09"]
[TimeControl "180+2"]
[Date "2023.04.11"]
[WhiteClock "0:00:17"]
[BlackClock "0:00:09"]

1. Nf3 g6 2. g3 Bg7 3. Bg2 d6 4. O-O Nf6 5. b3 O-O 6. Bb2 a5 7. c4 e5 8. d4 exd4 9. Nxd4 Na6 10. Nc3 Rb8 11. Ndb5 Bd7 12. Qd2 b6 13. Rad1 Re8 14. Rfe1 Nc5 15. Qc2 Qc8 16. Na7 Bf5 17. e4 Qb7 18. exf5 Qxa7 19. Nb5 Qa6 20. fxg6 hxg6 21. Nxc7 Rxe1+ 22. Rxe1 Qc8 23. Nd5 Nxd5 24. Bxd5 Qg4 25. Re7 Rf8 26. Bxg7 Kxg7 27. Qc3+ Kg8 28. Qe3 Qd1+ 29. Kg2 Qh5 30. Rxf7 Qxd5+ 31. cxd5 Kxf7 32. a3 Re8 33. Qf3+ Ke7 34. b4 axb4 35. axb4 Nd7 36. Qe4+ Ne5 37. f4 Kf6 38. fxe5+ Rxe5 39. Qf3+ Ke7 40. h4 b5 41. g4 Ke8 42. h5 gxh5 43. gxh5 Ke7 44. Kh3 Re1 45. Kh4 Re5 46. h6 Kd7 47. h7 Re8 48. Qf7+ Re7 49. Qxe7+ Kxe7 50. h8=Q Kf7 51. Qh6 Kg8 52. Qe6+ Kg7 53. Qxd6 Kh8 54. Qe6 Kh7 55. d6 Kg7 56. d7 Kf8 57. d8=Q+ Kg7 58. Qdg8# 1-0


[Site "https://www.chess.com"]

[Event "Titled Tuesday Blitz April 11 Late 2023"]
[White "Mikhalsky, Vladimir"]
[Black "Hoffmann, Asa"]
[WhiteFideId "14144352"]
[BlackFideId "2001470"]
[WhiteElo "2236"]
[BlackElo "2117"]
[Result "1-0"]
[Round "09"]
[TimeControl "180+2"]
[Date "2023.04.11"]
[WhiteClock "0:01:06"]
[BlackClock "0:00:39"]

1. d4 Nf6 2. c4 c5 3. Nf3 cxd4 4. Nxd4 e5 5. Nb5 d5 6. cxd5 Bb4+ 7. Bd2 Bc5 8. N1c3 a6 9. Na3 b5 10. Nc2 Bb7 11. e4 b4 12. Na4 Bxf2+ 13. Kxf2 Nxe4+ 14. Kg1 a5 15. Bb5+ Nd7 16. Be3 O-O 17. Bxd7 Qxd7 18. Nb6 Qf5 19. Nxa8 Bxa8 20. Qf3 Qg6 21. Rd1 Rd8 22. h4 Bxd5 23. h5 Qc6 24. Qxe4 h6 25. Qd3 Rd7 26. Ne1 Be6 27. Qe2 Bc4 28. Qc2 Rxd1 29. Qxd1 Qe4 30. Rh3 Bd5 31. Qd3 1-0


[Site "https://www.chess.com"]

[Event "Titled Tuesday Blitz April 11 Late 2023"]
[White "Filgueiras, Nathan Felipe"]
[Black "Spitzl, Vinzent"]
[WhiteFideId "2188562"]
[BlackFideId "12901253"]
[WhiteElo "2241"]
[BlackElo "2225"]
[Result "1/2-1/2"]
[Round "09"]
[TimeControl "180+2"]
[Date "2023.04.11"]
[WhiteClock "0:01:17"]
[BlackClock "0:00:26"]

1. e4 c5 2. Nf3 d6 3. c4 g6 4. d4 cxd4 5. Nxd4 Nf6 6. Nc3 Bg7 7. Be3 O-O 8. Be2 Nc6 9. O-O Bd7 10. f4 Nxd4 11. Bxd4 Bc6 12. Bf3 e5 13. Be3 Rc8 14. b3 exf4 15. Bxf4 Nh5 16. Bd2 Qb6+ 17. Kh1 Nf4 18. Bxf4 Bxc3 19. Rc1 Be5 20. Bh6 Rfe8 21. Qd2 Qd4 22. Qc2 Qb2 23. Qxb2 Bxb2 24. Rc2 Bg7 25. Bxg7 Kxg7 26. Rd2 Rcd8 27. Rfd1 Bxe4 28. Rxd6 Rxd6 29. Rxd6 Bxf3 30. gxf3 Re1+ 31. Kg2 Re2+ 32. Kg3 Rxa2 33. Rd7 b6 34. Rb7 g5 35. h4 h6 36. hxg5 hxg5 37. b4 Rc2 38. Rc7 a5 39. bxa5 bxa5 40. Rc5 Kg6 41. Rxa5 Rxc4 42. Ra3 f6 43. Re3 Rc5 44. Ra3 Kf5 45. Rb3 Ra5 46. Rc3 Ke5 47. Rb3 Rc5 48. Re3+ Kf5 49. Ra3 Rc6 50. Ra5+ Ke6 51. Ra3 Kd5 52. Re3 Re6 53. Rd3+ Ke5 54. Re3+ Kf5 55. Ra3 Re1 56. Ra5+ Kg6 57. Rb5 Ra1 58. Rc5 Ra6 59. Rb5 f5 60. Rc5 Ra3 61. Rc6+ Kh5 62. Kf2 Ra2+ 63. Kg3 Ra3 64. Kg2 Ra8 65. Rc7 Rh8 66. Rg7 Kh6 67. Ra7 Rf8 68. Ra6+ Kg7 69. Kg3 Rf6 70. Ra7+ Kg6 71. Ra8 Rb6 72. Rg8+ Kf6 73. Rf8+ Kg7 74. Rxf5 Kg6 75. Ra5 Rf6 76. Rb5 Rf5 77. Rb6+ Rf6 78. Rb8 Rf4 79. Rg8+ Kh6 80. Rh8+ Kg6 81. Ra8 Kh6 82. Ra6+ Kh5 83. Ra8 Kg6 84. Rg8+ Kh6 85. Rh8+ Kg6 86. Ra8 Kh6 87. Ra6+ Kh5 88. Rb6 Rd4 89. Re6 Rf4 90. Rd6 Rb4 91. Rd8 Rf4 92. Rh8+ Kg6 1/2-1/2


[Site "https://www.chess.com"]

[Event "Titled Tuesday Blitz April 11 Late 2023"]
[White "Zampronha, Wladimir Camilo"]
[Black "Hajiyev, Kanan"]
[WhiteFideId "2103087"]
[BlackFideId "13404148"]
[WhiteElo "2176"]
[BlackElo "2103"]
[Result "0-1"]
[Round "09"]
[TimeControl "180+2"]
[Date "2023.04.11"]
[WhiteClock "0:00:10"]
[BlackClock "0:00:10"]

1. e4 c6 2. d4 d5 3. e5 a6 4. Nf3 Bg4 5. h3 Bh5 6. Be2 e6 7. O-O c5 8. c4 dxc4 9. Bxc4 cxd4 10. Qxd4 Bxf3 11. Qxd8+ Kxd8 12. gxf3 Nc6 13. f4 Rc8 14. Rd1+ Kc7 15. Be3 Nh6 16. Nd2 Nf5 17. Ne4 Nxe3 18. fxe3 Be7 19. Kf2 Rhd8 20. Rxd8 Kxd8 21. Rd1+ Ke8 22. Bb3 Na5 23. Rd3 b5 24. Bd1 Nc4 25. b3 Nb6 26. Nd6+ Bxd6 27. Rxd6 Rb8 28. Bf3 Ke7 29. Bc6 Rd8 30. Rxd8 Kxd8 31. Bb7 a5 32. Bc6 b4 33. Ke2 Kc7 34. Be4 h6 35. Kd3 Nd7 36. Kc4 Kb6 37. Kd4 Nc5 38. Bh7 f6 39. exf6 gxf6 40. Bg8 Kc6 41. Kc4 e5 42. fxe5 fxe5 43. Bd5+ Kb6 44. Bf3 e4 45. Bg2 Nd3 46. Bxe4 Nc1 47. Bb1 Ne2 48. e4 Nc3 49. Bd3 Nxa2 50. Kd5 Nc3+ 51. Kd6 a4 52. bxa4 b3 53. e5 Nxa4 54. e6 Nc5 55. e7 Nxd3 56. e8=Q Ka5 57. Qb8 Nb4 58. Kc5 Na6+ 59. Kc4 Nxb8 60. Kxb3 Kb5 61. Kc3 Kc5 62. Kd3 Kd5 63. Ke3 Ke5 64. Kf3 Kf5 65. Kg3 Kg5 66. Kf3 Kh5 0-1


[Site "https://www.chess.com"]

[Event "Titled Tuesday Blitz April 11 Late 2023"]
[White "Smith, Garrett L"]
[Black "Korkmaz, Necmettin"]
[WhiteFideId "2024829"]
[BlackFideId "6303285"]
[WhiteElo "2047"]
[BlackElo "2097"]
[Result "0-1"]
[Round "09"]
[TimeControl "180+2"]
[Date "2023.04.11"]
[WhiteClock "0:00:40"]
[BlackClock "0:00:45"]

1. e4 e5 2. Nf3 Nc6 3. Bc4 Bc5 4. b4 Bxb4 5. c3 Ba5 6. d4 exd4 7. Qb3 Qf6 8. Bb2 d3 9. O-O Nge7 10. Nbd2 O-O 11. Rfe1 d6 12. Bxd3 Bb6 13. c4 Ne5 14. Re2 Bg4 15. a4 N7c6 16. Kh1 Qh6 17. Qc3 Nxf3 18. gxf3 Bh5 19. Rg1 f6 20. Rg3 Nd4 21. Re1 Nc6 22. Kg2 Ba5 23. Qc2 Qxd2 0-1


[Site "https://www.chess.com"]

[Event "Titled Tuesday Blitz April 11 Late 2023"]
[White "Ladan, Nicholas"]
[Black "Kostiukov, Alexandr"]
[WhiteFideId "30918855"]
[BlackFideId "14108100"]
[WhiteElo "2167"]
[BlackElo "2202"]
[Result "1-0"]
[Round "09"]
[TimeControl "180+2"]
[Date "2023.04.11"]
[WhiteClock "0:00:06"]
[BlackClock "0:00:01"]

1. e3 g6 2. c4 Bg7 3. Nc3 c5 4. Nge2 Nf6 5. Ng3 O-O 6. f3 d5 7. cxd5 Nxd5 8. Bc4 Nxc3 9. bxc3 e5 10. O-O Nc6 11. a4 Kh8 12. f4 f5 13. fxe5 Nxe5 14. Be2 c4 15. Ba3 Re8 16. Bf3 Nxf3+ 17. Rxf3 b6 18. Ne2 Bb7 19. Rf4 Qd3 20. Nd4 Rad8 21. h4 Be5 22. Rf2 Qe4 23. Qf3 Qxh4 24. Qxb7 Qh2+ 25. Kf1 Qh1+ 26. Ke2 Qxa1 27. Be7 Rb8 28. Qd7 Qb1 29. Rf3 Qd3+ 30. Ke1 Qe4 31. Rh3 h5 32. Nf3 Bg7 33. Bb4 f4 34. Ng5 Qf5 35. Qxf5 gxf5 36. Rxh5+ Kg8 37. Bd6 Rbd8 38. Bxf4 1-0


[Site "https://www.chess.com"]

[Event "Titled Tuesday Blitz April 11 Late 2023"]
[White "Romero Ruscalleda, Josep"]
[Black "Kujawski, Adam"]
[WhiteFideId "2231859"]
[BlackFideId "1100920"]
[WhiteElo "2183"]
[BlackElo "2054"]
[Result "1/2-1/2"]
[Round "09"]
[TimeControl "180+2"]
[Date "2023.04.11"]
[WhiteClock "0:00:14"]
[BlackClock "0:00:20"]

1. e4 e5 2. Nf3 Nc6 3. Bc4 Nf6 4. d4 exd4 5. e5 Ne4 6. O-O d5 7. Bb5 Bd7 8. Nxd4 Nxe5 9. Bxd7+ Qxd7 10. f3 Bc5 11. fxe4 dxe4 12. c3 O-O-O 13. Be3 Nc4 14. Qe2 Nxe3 15. Qxe3 f5 16. Nd2 a6 17. N2b3 Ba7 18. Rad1 g6 19. Kh1 Qe7 20. Nxf5 Bxe3 21. Nxe7+ Kb8 22. Rxd8+ Rxd8 23. g3 Bg5 24. Rf7 e3 25. Nd4 c5 26. Nec6+ bxc6 27. Nxc6+ Kc8 28. Na7+ Kb8 29. Nc6+ Kc8 30. Na7+ Kb8 31. Nc6+ 1/2-1/2


[Site "https://www.chess.com"]

[Event "Titled Tuesday Blitz April 11 Late 2023"]
[White "Moreira, Ronaldo Alonso"]
[Black "Mordechai, Hanan"]
[WhiteFideId "2110547"]
[BlackFideId "2804166"]
[WhiteElo "2037"]
[BlackElo "2324"]
[Result "0-1"]
[Round "09"]
[TimeControl "180+2"]
[Date "2023.04.11"]
[WhiteClock "0:00:02"]
[BlackClock "0:00:56"]

1. d4 Nf6 2. c4 e6 3. Nc3 d5 4. cxd5 exd5 5. Bg5 Be6 6. e3 Be7 7. Bd3 O-O 8. Nf3 Nbd7 9. O-O c5 10. Rc1 c4 11. Bb1 b5 12. Nxb5 Qb6 13. Nc3 Qxb2 14. Ne5 h6 15. Nxd7 Bxd7 16. Bxf6 Bxf6 17. Nxd5 Bd8 18. Rxc4 Be6 19. Rb4 Qa3 20. Ra4 Qd6 21. Nf4 Bd7 22. Qd3 g6 23. Ra6 Bb6 24. a4 Bc8 25. a5 Bxa6 26. Qxa6 Bc7 27. Qxd6 Bxd6 28. Nd3 Rab8 29. Ba2 Rb5 30. a6 Ra5 31. Bc4 Rc8 32. Rc1 Ra4 33. Bxf7+ Kxf7 34. Rxc8 Rxa6 35. g3 Ke6 36. Kg2 Kd7 37. Rc2 Ra3 38. Nc1 a5 39. Ra2 Rxa2 40. Nxa2 Kc6 41. Kf3 Kb5 42. Ke2 Kc4 43. Kd2 Kb3 44. Nc1+ Kb2 45. Nd3+ Kb3 46. Nc5+ Kc4 47. Na4 g5 48. Kc2 g4 49. Nc3 Bb4 50. Ne4 a4 51. Nf6 a3 52. Nxg4 Be1 0-1


[Site "https://www.chess.com"]

[Event "Titled Tuesday Blitz April 11 Late 2023"]
[White "Buchenau, Frank"]
[Black "Sailer, Mike"]
[WhiteFideId "4604350"]
[BlackFideId "2012901"]
[WhiteElo "2157"]
[BlackElo "2109"]
[Result "1-0"]
[Round "09"]
[TimeControl "180+2"]
[Date "2023.04.11"]
[WhiteClock "0:02:06"]
[BlackClock "0:01:43"]

1. e4 d5 2. exd5 Qxd5 3. Nc3 Qd6 4. d4 Nf6 5. Nf3 c6 6. Ne5 Nbd7 7. Nc4 Qc7 8. a4 a5 9. Qf3 Nb6 10. Bf4 Qd8 11. Be5 Bg4 12. Qg3 h5 13. h3 Bf5 14. O-O-O e6 15. Bc7 Nxc4 16. Bxd8 Bd6 17. Qxg7 Bf4+ 18. Kb1 1-0


[Site "https://www.chess.com"]

[Event "Titled Tuesday Blitz April 11 Late 2023"]
[White "Barria Santos, Jose Guilherme"]
[Black "Gonzalez Zamora, Juan Carlos"]
[WhiteFideId "1939300"]
[BlackFideId "3507548"]
[WhiteElo "2266"]
[BlackElo "2535"]
[Result "0-1"]
[Round "09"]
[TimeControl "180+2"]
[Date "2023.04.11"]
[WhiteClock "0:00:04"]
[BlackClock "0:00:28"]

1. e4 d6 2. d4 Nf6 3. Nc3 e5 4. Nf3 Nbd7 5. Bc4 Be7 6. O-O O-O 7. Re1 exd4 8. Nxd4 Re8 9. Bb3 Nc5 10. Bf4 Nxb3 11. axb3 Bf8 12. Bg5 c5 13. Ndb5 a6 14. Nd5 Re5 15. Nxf6+ gxf6 16. Bf4 Re6 17. Nc3 Kh8 18. Nd5 Bg7 19. Qf3 Bd7 20. Rad1 Bc6 21. Qh3 Rc8 22. Re3 Qe8 23. f3 f5 24. Rde1 fxe4 25. fxe4 Bd4 26. Bg5 Rg6 27. Kh1 Rxg5 28. Rf3 Bxd5 0-1


[Site "https://www.chess.com"]

[Event "Titled Tuesday Blitz April 11 Late 2023"]
[White "Steenbekkers, Franck"]
[Black "Ozalp, Burak"]
[WhiteFideId "1004220"]
[BlackFideId "6314210"]
[WhiteElo "2164"]
[BlackElo "2106"]
[Result "1-0"]
[Round "09"]
[TimeControl "180+2"]
[Date "2023.04.11"]
[WhiteClock "0:01:00"]
[BlackClock "0:00:45"]

1. e4 c5 2. Nf3 Nc6 3. Bb5 d6 4. d4 cxd4 5. Qxd4 Bd7 6. Bxc6 Bxc6 7. Nc3 Nf6 8. Bg5 Qa5 9. Bxf6 gxf6 10. O-O-O O-O-O 11. Kb1 Qc5 12. Nd5 Qxd4 13. Nxd4 Bd7 14. Rd3 Kb8 15. Rhd1 Re8 16. Nf5 e6 17. Nxf6 exf5 18. Nxd7+ Kc8 19. Nxf8 fxe4 20. Rc3+ Kb8 21. Nd7+ Ka8 22. Rxd6 Re7 23. Nf6 a6 24. Rd7 Re6 25. Rxf7 Rd8 26. a4 Rd4 27. a5 Ra4 28. Rc5 Rd6 29. b3 Rd1+ 30. Kb2 Rad4 31. Rf8+ Ka7 32. Rcc8 b6 33. Rc7# 1-0


[Site "https://www.chess.com"]

[Event "Titled Tuesday Blitz April 11 Late 2023"]
[White "Rian, Kapriaga"]
[Black "Papayan, Oleg"]
[WhiteFideId "7103263"]
[BlackFideId "4193911"]
[WhiteElo "2089"]
[BlackElo "2153"]
[Result "0-1"]
[Round "09"]
[TimeControl "180+2"]
[Date "2023.04.11"]
[WhiteClock "0:00:04"]
[BlackClock "0:00:08"]

1. d4 Nf6 2. Nf3 d5 3. Bf4 c5 4. e3 Nc6 5. Nbd2 Qb6 6. dxc5 Qxb2 7. Rb1 Qc3 8. Bb5 Qxc5 9. O-O e6 10. c4 dxc4 11. Nxc4 Nd5 12. Bg3 Nc3 13. Bxc6+ Qxc6 14. Qd3 Nxb1 15. Rxb1 Be7 16. Nd6+ Bxd6 17. Bxd6 Qd5 18. Qa3 Bd7 19. Ne5 Bc6 20. f3 O-O-O 21. Nxc6 Qxd6 22. Nxa7+ Kb8 23. Qa5 Rd7 24. h3 Rhd8 25. Rb6 Qd1+ 26. Kh2 Qd2 27. Nc6+ Kc7 28. Qc5 Qd6+ 29. Qxd6+ Rxd6 30. Nxd8 Rxb6 31. Nxf7 Ra6 32. Ng5 h6 33. Ne4 Rxa2 34. Nc5 e5 35. Ne6+ Kd6 36. Nxg7 b5 37. Nf5+ Kc5 38. f4 exf4 39. exf4 b4 0-1


[Site "https://www.chess.com"]

[Event "Titled Tuesday Blitz April 11 Late 2023"]
[White "Chemin, Justo Reinaldo"]
[Black "Rose, Felix"]
[WhiteFideId "2101580"]
[BlackFideId "5105722"]
[WhiteElo "1940"]
[BlackElo "2039"]
[Result "0-1"]
[Round "09"]
[TimeControl "180+2"]
[Date "2023.04.11"]
[WhiteClock "0:00:09"]
[BlackClock "0:00:15"]

1. d4 d5 2. Nf3 Nf6 3. Bf4 e6 4. e3 Bd6 5. Bg3 O-O 6. Nbd2 c5 7. c3 b6 8. Bd3 Ba6 9. Bxa6 Nxa6 10. Qe2 Nb8 11. dxc5 bxc5 12. e4 Bxg3 13. hxg3 dxe4 14. Nxe4 Nbd7 15. O-O-O Qb6 16. Rd6 Qa5 17. Rhd1 Qxa2 18. Rxd7 Qa1+ 19. Kc2 Qa4+ 20. b3 Qa2+ 21. Kc1 Qxe2 22. Nxf6+ gxf6 23. R1d2 Qb5 24. R2d3 Qxb3 25. Nd2 Qa3+ 0-1


[Site "https://www.chess.com"]

[Event "Titled Tuesday Blitz April 11 Late 2023"]
[White "Gerbelli Neto, Eduardo"]
[Black "Torres Dominguez, David"]
[WhiteFideId "2103281"]
[BlackFideId "2220857"]
[WhiteElo "2178"]
[BlackElo "1999"]
[Result "1-0"]
[Round "09"]
[TimeControl "180+2"]
[Date "2023.04.11"]
[WhiteClock "0:02:41"]
[BlackClock "0:02:06"]

1. e4 Nc6 2. d4 e5 3. Nf3 exd4 4. Nxd4 Nf6 5. Nc3 Bb4 6. Nxc6 bxc6 7. Bd3 d5 8. e5 Ng4 9. Bf4 g5 10. Bg3 Qe7 11. O-O Nxe5 12. Bxe5 1-0


[Site "https://www.chess.com"]

[Event "Titled Tuesday Blitz April 11 Late 2023"]
[White "Stanisz, Patryk"]
[Black "Vifleemskaia, Svetlana"]
[WhiteFideId "1123106"]
[BlackFideId "4129490"]
[WhiteElo "2069"]
[BlackElo "1930"]
[Result "0-1"]
[Round "09"]
[TimeControl "180+2"]
[Date "2023.04.11"]
[WhiteClock "0:00:05"]
[BlackClock "0:00:39"]

1. d4 Nf6 2. c4 e6 3. Nc3 Bb4 4. e3 O-O 5. Ne2 d6 6. a3 Bxc3+ 7. Nxc3 e5 8. dxe5 dxe5 9. Qxd8 Rxd8 10. Be2 c6 11. b4 a5 12. Bb2 axb4 13. axb4 Rxa1+ 14. Bxa1 Na6 15. b5 Nc5 16. O-O Bf5 17. Bb2 Rd2 18. Ba3 Nce4 19. Nxe4 Bxe4 20. bxc6 Bxc6 21. Bf3 e4 22. Rd1 Ra2 23. Bxe4 Be8 24. Bxb7 Rxa3 25. c5 Rc3 26. h3 Rxc5 27. Rd8 Kf8 28. Ra8 Ke7 29. g4 h6 30. Kg2 Bc6+ 31. Bxc6 Rxc6 32. Ra7+ Nd7 33. f3 Rc2+ 34. Kg3 Re2 35. e4 g5 36. Ra6 Nf6 37. e5 Rxe5 38. Ra7+ Kf8 39. Ra6 Kg7 40. Rb6 Nd5 41. Ra6 Nf4 42. Ra2 Re2 43. h4 Rxa2 44. hxg5 Ne6 45. gxh6+ 0-1


[Site "https://www.chess.com"]

[Event "Titled Tuesday Blitz April 11 Late 2023"]
[White "Tarnowska, Aleksandra"]
[Black "Kohler, Aran"]
[WhiteFideId "1180967"]
[BlackFideId "1002856"]
[WhiteElo "1776"]
[BlackElo "2010"]
[Result "0-1"]
[Round "09"]
[TimeControl "180+2"]
[Date "2023.04.11"]
[WhiteClock "0:00:05"]
[BlackClock "0:00:26"]

1. e4 c6 2. d4 d5 3. Nc3 dxe4 4. Nxe4 Bf5 5. Ng3 Bg6 6. h4 h6 7. h5 Bh7 8. Nf3 Nd7 9. Bd3 Ngf6 10. Bxh7 Nxh7 11. Bf4 e6 12. Qd2 Be7 13. Ne4 Ndf6 14. Nxf6+ Bxf6 15. Be5 Ng5 16. Nxg5 hxg5 17. O-O-O Qd5 18. Kb1 O-O-O 19. Bxf6 gxf6 20. f3 Qf5 21. Qb4 g4 22. Qa3 a6 23. fxg4 Qxg4 24. Qe7 Rd7 25. Qxf6 Rxh5 26. Rc1 Kc7 0-1


[Site "https://www.chess.com"]

[Event "Titled Tuesday Blitz April 11 Late 2023"]
[White "Qashashvili, Alexandre"]
[Black "Oliveira, Tiago Batista"]
[WhiteFideId "13600842"]
[BlackFideId "2108291"]
[WhiteElo "2405"]
[BlackElo "1962"]
[Result "1-0"]
[Round "09"]
[TimeControl "180+2"]
[Date "2023.04.11"]
[WhiteClock "0:01:35"]
[BlackClock "0:00:11"]

1. e4 c5 2. Nc3 Nc6 3. Nf3 Nf6 4. Bc4 e6 5. d3 d5 6. exd5 exd5 7. Bb5 Be7 8. O-O O-O 9. h3 d4 10. Ne4 Nxe4 11. dxe4 Be6 12. Bf4 Qb6 13. Bxc6 Qxc6 14. Re1 Rad8 15. b3 b5 16. a4 a6 17. axb5 axb5 18. Bg5 Rfe8 19. Bxe7 Rxe7 20. Ng5 c4 21. Nxe6 Qxe6 22. bxc4 bxc4 23. Qg4 Qxg4 24. hxg4 g5 25. f3 Kg7 26. Red1 Kf6 27. Ra6+ Re6 28. Ra5 Re5 29. Ra6+ Re6 30. Ra7 d3 31. cxd3 cxd3 32. Kf2 Rc6 33. Rd2 Rc1 34. Ra3 Rc3 35. Rxc3 1-0


[Site "https://www.chess.com"]